 Dungeon Crawl Stone Soup version 0.23-a0-143-g1adec7b (webtiles) character file.

79 Amnesiac the Ducker (level 4, 0/35 HPs)
             Began as a Mummy Monk on Sept 3, 2018.
             Slain by Natasha (4 damage)
             ... on level 2 of the Dungeon.
             The game lasted 00:03:43 (3231 turns).

Amnesiac the Ducker (Mummy Monk)                    Turns: 3231, Time: 00:03:44

Health: 0/35       AC:  3    Str: 14    XL:     4   Next: 17%
Magic:  4/4        EV: 14    Int:  9    God:
Gold:   106        SH:  0    Dex: 15    Spells: 3/3 levels left

rFire    x . .     SeeInvis .     - Unarmed
rCold    + . .     Gourm    .   (no shield)
rNeg     + + +     Faith    .   (no armour)
rPois    ∞         Spirit   .   (no helmet)
rElec    .         Reflect  .   (no cloak)
rCorr    .         Harm     .   (no gloves)
MR       .....                  (no boots)
Stlth    ++........             (no amulet)
HPRegen  0.11/turn              e - +3 ring of protection
MPRegen  0.09/turn              (no ring)

@: slowed, very slow
A: no food or potions, fire vulnerability, cold resistance 1, negative energy
resistance 3, torment resistance, unbreathing
a: no special abilities


You were on level 2 of the Dungeon.
You were not hungry.

You visited 1 branch of the dungeon, and saw 2 of its levels.

You collected 106 gold pieces.

Inventory:

Jewellery
 e - a +3 ring of protection (left hand)
Scrolls
 b - a scroll of noise {!r}
 c - 3 scrolls of amnesia {!r}
 f - 2 scrolls of remove curse {!r}


   Skills:
 - Level 3.0 Fighting
 + Level 3.4 Dodging
 - Level 1.5 Stealth
 + Level 3.4 Unarmed Combat


You had 3 spell levels left.
You didn't know any spells.
Your spell library was empty.

Dungeon Overview and Level Annotations

Branches:
Dungeon (2/15)

Altars:

Annotations:
D:2 Natasha, Sigmund


Innate Abilities, Weirdness & Mutations

You do not eat or drink.
Your flesh is vulnerable to fire.
You are immune to poison.
Your flesh is cold resistant. (rC+)
You are immune to negative energy. (rN+++)
You are immune to unholy pain and torment.
You can survive without breathing.


Message History

The adder is severely wounded.
The adder completely misses you.
You barely miss the adder.
The adder is severely wounded.
The adder closely misses you. x2
You barely miss the adder.
The adder is severely wounded.
The adder barely misses you.
You hit the adder.
You kill the adder!
No target in view!
You start resting.
HP restored.
You start resting.
HP restored.
A rat comes into view.
A rat is nearby!
A rat is nearby!
You hit the rat but do no damage. The rat misses you.
You closely miss the rat. The rat bites you but does no damage.
You closely miss the rat. The rat bites you.
You closely miss the rat. The rat misses you.
You barely miss the rat. The rat barely misses you.
You closely miss the rat. The rat bites you but does no damage.
You hit the rat but do no damage. The rat completely misses you.
You hit the rat.
You kill the rat!
No target in view!
No target in view!
No target in view!
Found a stone staircase leading down.
Natasha is nearby!
Unknown command.
There is a stone staircase leading down here.
Found a stone staircase leading up.
Natasha is too close now for your liking.
Natasha hisses angrily.
Natasha misses you.
There is a stone staircase leading down here.
Natasha casts a spell.
Natasha casts a spell at you. The magic dart hits you!
Natasha stares at you and mumbles some strange words.
You feel yourself slow down.
You see here 5 needles of confusion.
Natasha stares at you and mumbles some strange words.
The magic dart hits you! Natasha barely misses you.
Really read
d - a scroll labeled ATUCUSHR YNLI {!r}?
As you read the scroll labeled ATUCUSHR YNLI {!r}, it crumbles to dust.
The scroll dissolves into smoke.
It was a scroll of fog {!r}.
Natasha misses you.
Natasha stares at you and mumbles some strange words.
The magic dart hits you!
* * * LOW HITPOINT WARNING * * *
You closely miss Natasha. Natasha claws you!
* * * LOW HITPOINT WARNING * * *
You barely miss Natasha.
Natasha howls an incantation.
You feel troubled. Natasha claws you.
* * * LOW HITPOINT WARNING * * *
Natasha claws you.
You die...

..########.#.#####....)..........
..#....# #.#.# #.##.####.#.#...
#.#.##.# #.#.# #.##......#.#..#
#.#.##.# #.#5# #.#########.#.##
#.#.##.# #.#h# #...........#...
#!#.##.# #.#(# ################
#.#.##.# #.#5##### #.#.##.#
#.#.§5h§# #.#<##.# #.#####@#
#.####.# #.#####§# #......#
#.....§§# #.####.# #.#####.# ###
### ### ###


You could see an iron imp and Natasha.

Vanquished Creatures
  Jessica (D:2)
  An adder (D:2)
  An ooze (D:2)
  A worm (D:2)
  A giant cockroach (D:1)
  5 goblins
  4 hobgoblins
  2 jackals (D:2)
  8 kobolds
  2 ball pythons (D:1)
  5 bats
  A frilled lizard (D:1)
  6 rats
38 creatures vanquished.

Notes
Turn   | Place    | Note
-------+----------+-------------------------------------------
     0 | D:1      | Amnesiac the Mummy Monk began the quest for the Orb.
     0 | D:1      | Reached XP level 1. HP: 18/18 MP: 1/1
   347 | D:1      | Reached XP level 2. HP: 21/24 MP: 2/2
  1358 | D:2      | Noticed Jessica
  1367 | D:2      | Killed Jessica
  1367 | D:2      | Reached XP level 3. HP: 23/29 MP: 3/3
  1505 | D:2      | Noticed Natasha
  1818 | D:2      | Noticed Sigmund
  2475 | D:2      | Reached XP level 4. HP: 30/35 MP: 4/4
  3231 | D:2      | Slain by Natasha

Vault maps used:
D:1:      mrwooster_arrival_arrow
D:2:      kennysheep_six_static_rooms, first_ration, uniq_natasha,
          uniq_crazy_yiuf_cottage, uniq_jessica, uniq_sigmund

Skill      XL: |  1  2 |
---------------+-------+-----
Dodging        | 3 |  3.4
Unarmed Combat | 3 |  3.4
Fighting       | |  3.0
Stealth        | |  1.5

Action                   |  1- 3 |  4- 6 || total
-------------------------+-------+-------++-------
Melee: Unarmed           |   145 |    31 ||   176
       Punch             |     1 |       ||     1
  Use: Scroll            |     5 |     2 ||     7
 Stab: Sleeping          |     3 |       ||     3
Armor: Skin              |    15 |     6 ||    21
Dodge: Dodged            |    70 |    19 ||    89

Table legend:
 A = Non-vault XP
 B = Vault XP
 C = Vault XP percentage of total XP
 D = Non-vault monster count
 E = Vault monster count
 F = Vault count percentage of total count
                 A         B        C        D         E       F
            +---------+---------+-------+---------+---------+-------
      Total |      59 |      55 |  48.2 |      31 |       7 |  18.4
            +---------+---------+-------+---------+---------+-------
        D:1 |      29 |       0 |   0.0 |      21 |       0 |   0.0
        D:2 |      30 |      55 |  64.7 |      10 |       7 |  41.2
            +---------+---------+-------+---------+---------+-------
